 Dungeon Crawl Stone Soup version 0.18-a0-1070-gd466a24 (webtiles) character file.

51 vliron the Sneak (level 3, -3/24 HPs)
             Began as a Vampire Enchanter on Jan 13, 2016.
             Killed by nerve-wracking pain
             ... invoked by PinkishYellow's ghost
              (10 damage)
             ... on level 3 of the Dungeon.
             The game lasted 00:27:03 (2601 turns).

vliron the Sneak (Vampire Enchanter)                Turns: 2601, Time: 00:27:03

Health: -3/24      AC:  7    Str:  7    XL:     3   Next: 57%
Magic:  6/6        EV: 12    Int: 18    God:
Gold:   20         SH:  0    Dex: 14    Spells: 3 memorised, 0 levels left

rFire  . . .     SeeInvis +     a - +1 dagger
rCold  + . .     Gourm    .     b - +1 robe
rNeg   + + .     Faith    .     (no shield)
rPois  +         Spirit   .     (no helmet)
rElec  .         Dismiss  .     (no cloak)
rCorr  .         Reflect  .     n - +0 pair of gloves
SustAt .         Harm     .     o - +2 pair of boots
MR     .....                    (no amulet)
Stlth  ++++......               (no ring)
                                (no ring)

@: regenerating slowly, not resistant to hostile enchantments, stealthy
A: fangs 3, see invisible, unbreathing
a: Bat Form


You were on level 3 of the Dungeon.
You were thirsty.

You visited 1 branch of the dungeon, and saw 3 of its levels.

You collected 20 gold pieces.

Inventory:

Hand Weapons
 a - a +1 dagger (weapon)
Missiles
 f - 118 stones (quivered)
 m - 18 sling bullets
 s - 6 poisoned needles
Armour
 b - a +1 robe (worn)
 n - a +0 pair of gloves (worn)
 o - a +2 pair of boots (worn)
Wands
 u - a wand of fireball (9/15)
Scrolls
 q - 2 scrolls of remove curse
Potions
 d - 10 potions of blood
 e - a potion of magic {unknown}
 g - a potion of cancellation {unknown}
 h - a potion of mutation {unknown}
 i - 2 potions of cure mutation
 j - a potion of curing {unknown}
 k - 2 potions of heal wounds
 p - a potion of ambrosia {unknown}
 t - a potion of lignification {unknown}
Books
 c - a book of Maledictions

   Spells                             Type                      Level
   a - Corona                         Hexes                        1
   b - Ensorcelled Hibernation        Hexes/Ice                    2
   c - Confuse                        Hexes                        3
   d - Tukima's Dance                 Hexes                        3
   e - Dazzling Spray                 Conjuration/Hexes            3
Miscellaneous
 r - a plain deck of changes {drawn: 1}


   Skills:
 - Level 2.0 Short Blades
 + Level 0.2 Throwing
 - Level 2.1 Dodging
 - Level 5.8 Stealth
 - Level 1.0 Unarmed Combat
 - Level 2.0 Spellcasting
 + Level 4.7 Hexes


You couldn't memorise any spells.
You knew the following spells:

 Your Spells              Type           Power        Failure   Level  Hunger
a - Corona                Hex            ###....      2%          1    #......
b - Ensorcelled Hibernat  Hex/Ice        ##....       12%         2    ###....
c - Confuse               Hex            ###.....     10%         3    ###....


Dungeon Overview and Level Annotations

Branches:
Dungeon (3/15)

Altars:
Nemelex Xobeh

Annotations:
D:2 Ijyb
D:3 PinkishYellow's ghost, amateur DsNe


Innate Abilities, Weirdness & Mutations

You heal slowly.
You have razor-sharp teeth.
You have supernaturally acute eyesight.
You can survive without breathing.


Message History

PinkishYellow's ghost is outlined in light.
You hit PinkishYellow's ghost but do no damage.
PinkishYellow's ghost hits you.
You barely miss PinkishYellow's ghost.
PinkishYellow's ghost hits you but does no damage.
A rat comes into view.
You hit PinkishYellow's ghost.
PinkishYellow's ghost is lightly damaged.
PinkishYellow's ghost closely misses you.
You hit PinkishYellow's ghost.
PinkishYellow's ghost is lightly damaged.
PinkishYellow's ghost closely misses you.
You closely miss PinkishYellow's ghost.
PinkishYellow's ghost is lightly damaged.
PinkishYellow's ghost hits you!
* * * LOW HITPOINT WARNING * * *
PinkishYellow's ghost stops glowing.
PinkishYellow's ghost points at you and mumbles some strange words.
Pain shoots through your body!
You die...

#### ###..########.#
#.............#
#.......#####.#
#####..............
#...W.@....####.#.#
#....####.##
.#+#####....# #..#
.........r..# ##.#
..........### #.##
..........# #..#
..........# ##.#
.........[########.##
....................#


You could see PinkishYellow's ghost and a rat.

Vanquished Creatures
  An adder (D:2)
  2 oozes (D:1)
  A giant gecko (D:1)
  A giant cockroach (D:3)
  5 hobgoblins
  6 jackals
  2 kobolds (D:1)
  2 bats
  2 giant newts (D:1)
  5 goblins
  2 rats (D:1)
29 creatures vanquished.

Notes
Turn   | Place    | Note
--------------------------------------------------------------
     0 | D:1      | vliron the Vampire Enchanter began the quest for the Orb.
     0 | D:1      | Reached XP level 1. HP: 13/13 MP: 3/3
   288 | D:1      | Reached skill level 5 in Stealth
   396 | D:1      | Reached XP level 2. HP: 11/19 MP: 3/5
   403 | D:1      | Learned a level 2 spell: Ensorcelled Hibernation
  1211 | D:1      | Reached skill level 1 in Unarmed Combat
  1602 | D:2      | Reached XP level 3. HP: 24/24 MP: 3/6
  1607 | D:2      | Learned a level 3 spell: Confuse
  1669 | D:2      | Found a sparkling altar of Nemelex Xobeh.
  2455 | D:2      | Noticed Ijyb
  2583 | D:3      | Noticed PinkishYellow's ghost (amateur DsNe)
  2601 | D:3      | Killed from afar by PinkishYellow's ghost

Vault maps used:
D:1:      elethiomel_arrival_shortcut
D:2:      nemelex_deck, lightli_temple_of_fire, uniq_iyjb
D:3:      first_bread, grunt_dithmenos_smoke, uniq_crazy_yiuf_cottage

Action                   || total
-------------------------++-------
Melee: Dagger            ||   118
       Unarmed           ||    29
Throw: Stone             ||    32
 Cast: Corona            ||    18
       Confuse           ||     1
       Ensorcelled Hiber ||     1
 Abil: End Transformatio ||     1
       Bat Form          ||     1
Evoke: Deck              ||     1
  Use: Scroll            ||     4
       Potion            ||     3
 Stab: Sleeping          ||     8
